 Dungeon Crawl Stone Soup version 0.16-a0-2278-gad6c6b8 (webtiles) character file.

164 Fyery the Ducker (level 5, -7/24 HPs)
             Began as a Spriggan Wizard on Nov 16, 2014.
             Killed by divine providence
             ... invoked by an orc priest
              (10 damage)
             ... on level 3 of the Dungeon.
             The game lasted 00:12:47 (2744 turns).

Fyery the Ducker (Spriggan Wizard)                  Turns: 2744, Time: 00:12:47

Health: -7/24      AC:  2    Str:  3    XL:     5   Next: 21%
Magic:  6/19       EV: 21    Int: 20    God:
Gold:   138        SH:  0    Dex: 15    Spells: 4 memorised, 6 levels left

rFire  . . .     SeeInvis +     f - +0 short sword
rCold  . . .     Clarity  .     a - +0 robe
rNeg   . . .     SustAb   .     (shield restricted)
rPois  .         Gourm    .     b - +0 hat
rElec  .         Spirit   .     (no cloak)
rCorr  .         Warding  .     (gloves unavailable)
rMut   .         Stasis   .     (boots unavailable)
MR     .....                    (no amulet)
Stlth  +++.......               (no ring)
                                (no ring)

@: very slightly contaminated, repel missiles, very quick, not resistant to
hostile enchantments, fairly stealthy
A: unfitting armour, see invisible, herbivore 3, speed 3, slow metabolism 2
a: no special abilities


You were on level 3 of the Dungeon.
You were not hungry.

You visited 1 branch of the dungeon, and saw 3 of its levels.

You collected 138 gold pieces.

Inventory:

Hand weapons
 f - a +0 short sword (weapon)
 g - a +0 dagger
Armour
 a - a +0 robe (worn)
 b - a +0 hat (worn)
Jewellery
 j - an uncursed ring of protection from fire {unknown}
Scrolls
 e - a scroll of immolation {unknown}
 m - a scroll of identify {unknown}
 n - a scroll of blinking {unknown}
 o - a scroll of enchant armour {unknown}
Potions
 h - a potion of curing {unknown}
 i - a potion of agility {unknown}
Books
 c - a book of Minor Magic

   Spells                             Type                      Level
   *Magic Dart                        Conjuration                  1
   *Blink                             Translocation                2
   Call Imp                           Summoning                    2
   *Repel Missiles                    Charms/Air                   2
   Slow                               Hexes                        2
   *Conjure Flame                     Conjuration/Fire             3
   Mephitic Cloud                     Conjuration/Poison/Air       3
Comestibles
 d - 3 bread rations
 k - 2 fruits
 l - a royal jelly


   Skills:
 + Level 1.3 Short Blades
 + Level 6.3 Dodging
 - Level 3.3 Stealth
 - Level 5.2 Spellcasting
 - Level 0.6 Conjurations
   Level 0.7 Summonings
 + Level 1.5 Translocations


You had 6 spell levels left.
You knew the following spells:

 Your Spells              Type           Power        Failure   Level  Hunger
a - Magic Dart            Conj           #...         12%         1    None
b - Blink                 Tloc           N/A          12%         2    None
c - Repel Missiles        Chrm/Air       #.....       21%         2    None
d - Conjure Flame         Conj/Fire      #.......     30%         3    ##.....


Dungeon Overview and Level Annotations

Branches:
Dungeon (3/15)

Altars:


Innate Abilities, Weirdness & Mutations

You are tiny and cannot use many weapons and most armour.
You have supernaturally acute eyesight.
You are a herbivore.
You cover ground extremely quickly.
You need consume almost no food.


Message History

Aiming: Magic Dart
Press: ? - help, Shift-Dir - straight line, f - orc
Aim: an orc, wielding a short sword and wearing a ring mail (severely wounded)
The magic dart hits the orc.
You kill the orc!
The orc closely misses you.
The orc priest invokes the aid of Beogh against you.
Pain shoots through your body!
* * * LOW HITPOINT WARNING * * *
An orc comes into view. It is wielding a falchion.
Casting: Magic Dart
Confirm with . or Enter, or press ? or * to list all spells.
Aiming: Magic Dart
Press: ? - help, Shift-Dir - straight line, f - orc
Aim: an orc, wielding a glowing trident The magic dart hits the orc.
The orc is lightly wounded.
The orc priest invokes the aid of Beogh against you.
Something smites you!
You die...

..# # #. #.. ... #..# #.# #.#
.. #..# #.# #.# (. #. #..#
#.# #.#.. #.##..####># #.#.#
# ##..........# #.#.#.#
.[.......##.#######.....#.#
######..#.##....@..o.)#..o..#
#..........#########.).o.#
...[.<..........####.#.#.#
#.####......†........# #
##........#.#####.
##.#.....).#.# .
#.##.......#.# $<
##.#.......#.#####.#
##...................


You could see an orc priest and an orc.

Vanquished Creatures
  A jelly (D:3)
  6 adders
  A worm (D:3)
  3 giant geckos
  An ooze (D:1)
  5 orcs (D:3)
  2 ball pythons
  7 bats
  6 giant cockroaches
  5 hobgoblins
  5 jackals
  A quokka (D:2)
  5 giant newts
  4 goblins
  3 kobolds
  23 rats
78 creatures vanquished.

Notes
Turn   | Place    | Note
--------------------------------------------------------------
     0 | D:1      | Fyery, the Spriggan Wizard, began the quest for the Orb.
     0 | D:1      | Reached XP level 1. HP: 9/9 MP: 6/6
   236 | D:1      | Reached XP level 2. HP: 13/13 MP: 1/9
  1311 | D:1      | Reached XP level 3. HP: 11/16 MP: 1/13
  1396 | D:1      | Learned a level 2 spell: Blink
  1399 | D:1      | Learned a level 2 spell: Repel Missiles
  1403 | D:1      | Learned a level 3 spell: Conjure Flame
  1434 | D:2      | Reached skill level 5 in Spellcasting
  1901 | D:2      | Reached XP level 4. HP: 15/21 MP: 14/17
  2042 | D:2      | Reached skill level 5 in Dodging
  2250 | D:3      | Reached skill level 1 in Short Blades
  2660 | D:3      | Reached skill level 6 in Dodging
  2660 | D:3      | Reached XP level 5. HP: 16/24 MP: 8/19
  2744 | D:3      | Killed from afar by an orc priest

Action                   |  1- 3 |  4- 6 || total
-------------------------+-------+-------++-------
Melee: Whip              |    14 |       ||    14
       Unarmed           |     1 |       ||     1
       Short sword       |    66 |    37 ||   103
 Cast: Magic Dart        |    84 |    74 ||   158
       Conjure Flame     |     2 |     5 ||     7
       Repel Missiles    |       |     1 ||     1
 Stab: Sleeping          |     4 |     1 ||     5
